 Dungeon Crawl Stone Soup version 0.30-a0-1103-g25895a7845 (webtiles) character file.

Game seed: 2854686741340778359

24 voltaire321 the Digger (level 3, -3/22 HPs)
             Began as an Octopode Earth Elementalist on Apr 18, 2023.
             Slain by a sleepcap (4 damage)
             ... on level 3 of the Dungeon.
             The game lasted 00:03:48 (1664 turns).

voltaire321 the Digger (OpEE)                       Turns: 1664, Time: 00:03:49

Health: -3/22      AC:  1    Str:  7    XL:     3   Next: 2%
Magic:  2/6        EV: 13    Int: 19    God:
Gold:   178        SH:  0    Dex: 12    Spells: 5/6 levels left

rFire   . . .      SeeInvis .    e - +1 mace (holy)
rCold   . . .      Faith    .    (no shield)
rNeg    . . .      Spirit   .    (helmet restricted)
rPois   .          Reflect  .    (no amulet)
rElec   .          Rampage  .    (no ring)
rCorr   .                        (no ring)
Will    .....                    (no ring)
Stlth   +++                      (no ring)
HPRegen 0.23/turn                (no ring)
MPRegen 0.10/turn                (no ring)
                                 (no ring)
                                 (no ring)

@: no status effects
A: almost no armour, amphibious, 8 rings, camouflage 1, gelatinous body 1,
(nimble swimmer 1), tentacles
a: no special abilities


You were on level 3 of the Dungeon.
You visited 1 branch of the dungeon, and saw 3 of its levels.

You collected 178 gold pieces.

Inventory:

Hand Weapons
 e - a +1 mace of holy wrath (weapon)
 i - a +0 rapier
Missiles
 f - 5 silver javelins
Wands
 j - a wand of flame (8)
Scrolls
 b - a scroll of enchant armour {unknown}
 c - a scroll of enchant weapon {unknown}
 d - a scroll of summoning {unknown}
 h - 2 scrolls of teleportation {unknown}
 k - a scroll of fear {unknown}
Potions
 a - a potion of magic
 g - a potion of brilliance {unknown}
 l - a potion of cancellation {unknown}
 m - a potion of attraction {unknown}


   Skills:
 + Level 0.9 Fighting
 + Level 2.3 Dodging
 - Level 2.6 Stealth
 + Level 2.2 Spellcasting
 + Level 1.4 Transmutations
 + Level 3.2 Earth Magic


You had 5 spell levels left.
You knew the following spells:

 Your Spells              Type           Power      Damage    Failure   Level
a - Sandblast             Erth           28%        2d8       4%          1

Your spell library contained the following spells:

 Spells                   Type           Power      Damage    Failure   Level
 Passwall                 Tmut/Erth      9%         N/A       10%         2
 Wereblood                Tmut           7%         N/A       14%         2
 Sublimation of Blood     Necr           2%         N/A       26%         2
 Stone Arrow              Conj/Erth      16%        3d8       26%         3
 Petrify                  Tmut/Erth      11%        N/A       52%         4
 Summon Hydra             Summ           1%         N/A       100%        7


Dungeon Overview and Level Annotations

Branches:
Dungeon (3/15)

Altars:
Fedhas
Ru
Sif Muna
The Shining One

Shops:
D:1 !


Innate Abilities, Weirdness & Mutations

You cannot wear most types of armour.
You are amphibious.
You can wear up to eight rings at the same time.
Your skin changes colour to match your surroundings (Stealth+).
Your rubbery body absorbs attacks. (AC +1, EV +1)
((You are camouflaged when in or above water. (Stealth+)))
You have tentacles for arms and can constrict up to eight enemies at once.


Message History

Aim: a sleepcap (moderately damaged, 100% to hit)
The blast of sand hits the sleepcap but does no damage.
The sleepcap is moderately damaged.
Aiming: Sandblast (safe; 4% risk of failure)
Press: ? - help, Q - select action, (/) - cycle Shift-Dir - straight line, f/p - sleepcap
Aim: a sleepcap (moderately damaged, 100% to hit)
The blast of sand hits the sleepcap but does no damage.
The sleepcap is moderately damaged.
The sleepcap misses you. The sleepcap releases spores at you.
You are engulfed in a cloud of soporific spores!
You fall asleep.
The sleepcap barely misses you. The sleepcap releases spores at you!
You wake up.
You are engulfed in a cloud of soporific spores!
You are unaffected.
You hit the sleepcap but do no damage. You grab the sleepcap.
The sleepcap is moderately damaged.
You constrict the sleepcap, but do no damage.
The sleepcap barely misses you.
You hit the sleepcap but do no damage.
The sleepcap is moderately damaged.
You constrict the sleepcap, but do no damage.
The sleepcap closely misses you. The sleepcap releases spores at you.
Aiming: Sandblast (safe; 4% risk of failure)
Press: ? - help, Q - select action, (/) - cycle Shift-Dir - straight line, f/p - sleepcap
Aim: a sleepcap (moderately damaged, constricted by you, 100% to hit)
The blast of sand hits the sleepcap but does no damage.
The sleepcap is moderately damaged.
You constrict the sleepcap. The sleepcap releases spores at you!
* * * LOW HITPOINT WARNING * * *
You are engulfed in a cloud of soporific spores!
You fall asleep.
You lose your grip on the sleepcap.
You wake up.
Aiming: Sandblast (safe; 4% risk of failure)
Press: ? - help, Q - select action, (/) - cycle Shift-Dir - straight line, f/p - sleepcap
Aim: a sleepcap (heavily damaged, 100% to hit)
The blast of sand hits the sleepcap.
The sleepcap is heavily damaged.
The sleepcap releases spores at you.
You die...

# # ##########
#
....#...####.
# #..........
## #..@)......
.##
#..f..)....
...
.............
....
###...........
_...
#$..[.....#.
...
#####.......
... ....#..
... .......
...


You could see a sleepcap.

Vanquished Creatures
  2 dart slugs
  A ball python (D:2)
  2 endoplasms (D:2)
  2 goblins
  2 hobgoblins
  A quokka (D:1)
  A frilled lizard (D:1)
  6 kobolds
  A rat (D:1)
18 creatures vanquished.

Notes
Turn   | Place    | Note
-------+----------+-------------------------------------------
     0 | D:1      | voltaire321 the Octopode Earth Elementalist began the quest
                  | for the Orb.
     0 | D:1      | Reached XP level 1. HP: 11/11 MP: 3/3
   150 | D:1      | Found Jyti Kun's Distillery.
   303 | D:1      | Reached XP level 2. HP: 18/18 MP: 0/5
   937 | D:2      | You fall into a shaft and drop 1 floor!
   938 | D:3      | Found a sacrificial altar of Ru.
   938 | D:3      | Found a glowing golden altar of the Shining One.
   938 | D:3      | Found a shimmering blue altar of Sif Muna.
   953 | D:3      | Found a blossoming altar of Fedhas.
  1601 | D:3      | Reached XP level 3. HP: 22/22 MP: 0/6
  1663 | D:3      | HP: 1/22 [sleepcap (8)]
  1664 | D:3      | Slain by a sleepcap

Illustrated notes

Levels and vault maps discovered:
D:1:      lemuel_arrival_hallway, layout_basic, serial_shops,
          nicolae_shop_industrial_runoff
D:2:      layout_loops_ring, roderic_serpentine_path
D:3:      kb_forest_paths, layout_basic,
          chequers_temple_overflow_statue_of_worship

Action                     || total
---------------------------++-------
  Melee: Mace              ||     7
         Constrict         ||     3
         Tentacles         ||     1
   Cast: Sandblast         ||    31
  Dodge: Dodged            ||    13

Table legend: (Time is in decaauts)
 A = Elapsed time spent in this place.
 B = Non-inter-level travel time spent in this place.
 C = Inter-level travel time spent in this place.
 D = Time resting spent in this place.
 E = Time spent auto-exploring this place.
 F = Levels seen in this place.
 G = Mean time per level.
                   A        B        C        D        E       F      G
               +--------+--------+--------+--------+--------+-----+--------+
         Total |   1680 |   1611 |     69 |    175 |   1152 |   3 |  560.0 |
       Dungeon |   1680 |   1611 |     69 |    175 |   1152 |   3 |  560.0 |
               +--------+--------+--------+--------+--------+-----+--------+

Top non-repeatable levels by time:
     D:1: 831 daAuts
     D:2: 784 daAuts
     D:3: 65 daAuts
